 Dungeon Crawl Stone Soup version 0.28-a0-172-g787e458d71 (webtiles) character file.

Game seed: 18110022294077640138

125 rabbitsville the Skirmisher (level 5, -7/50 HPs)
             Began as a Hill Orc Monk on Aug 16, 2021.
             Killed by an exploding jackal (10 damage)
             ... ignited by their inner flame
             ... on level 3 of the Dungeon.
             The game lasted 00:11:00 (3117 turns).

rabbitsville the Skirmisher (Hill Orc Monk)         Turns: 3117, Time: 00:11:01

Health: -7/50      AC:  5    Str: 15    XL:     5   Next: 9%
Magic:  5/5        EV: 12    Int: 10    God:
Gold:   73         SH:  5    Dex: 13    Spells: 4/4 levels left

rFire   + . .      SeeInvis .   a - +0 hand axe
rCold   + . .      Faith    .   (no shield)
rNeg    . . .      Spirit   .   b - +0 robe
rPois   .          Reflect  +   j - +1 helmet
rElec   .          Harm     .   (no cloak)
rCorr   .          Rampage  .   (no gloves)
Will    .....                   o - +0 pair of boots
Stlth   ++........              l - amulet of reflection
HPRegen 0.16/turn               g - ring of protection from cold
MPRegen 0.09/turn               p - ring of protection from fire

@: no status effects
A: no striking features
a: no special abilities


You were on level 3 of the Dungeon.
You visited 1 branch of the dungeon, and saw 4 of its levels.

You collected 73 gold pieces.

Inventory:

Hand Weapons
 a - a +0 hand axe (weapon)
Missiles
 m - 5 javelins (quivered)
Armour
 b - a +0 robe (worn)
 j - a +1 helmet (worn)
 o - a +0 pair of boots (worn)
Jewellery
 g - a ring of protection from cold (left hand)
 l - an amulet of reflection (around neck)
 p - a ring of protection from fire (right hand)
Wands
 n - a wand of polymorph (8)
Scrolls
 d - a scroll of blinking {unknown}
 e - a scroll of identify
 h - a scroll of teleportation {unknown}
Potions
 i - a potion of might
 k - a potion of haste


   Skills:
 * Level 5.9 Fighting
 + Level 5.3 Axes
 - Level 2.4 Dodging
 - Level 1.5 Stealth


You had 4 spell levels left.
You didn't know any spells.
Your spell library contained the following spells:

 Spells                   Type           Power      Damage    Failure   Level
 Gell's Gravitas          Tloc           0%         N/A       75%         3
 Lesser Beckoning         Tloc           0%         N/A       75%         3
 Teleport Other           Tloc           0%         N/A       75%         3


Dungeon Overview and Level Annotations

Branches:
Dungeon (4/15)
 Temple: D:4-7

Altars:
Makhleb
Sif Muna


Message History

The gnoll is moderately wounded.
The gnoll hits you with a +0 whip!
* * * LOW HITPOINT WARNING * * *
You closely miss the gnoll.
The gnoll is moderately wounded.
The gnoll barely misses you. The gnoll hits you with a +0 whip!
* * * LOW HITPOINT WARNING * * *
You hit the gnoll.
The gnoll is heavily wounded.
The orc noisily roars encouragement to no one in particular.
The gnoll barely misses you.
You feel very mighty all of a sudden. You block the gnoll's attack.
You slash the gnoll!
You kill the gnoll!
You have reached level 5!
You feel stronger.
You slash the orc!
You kill the orc!
The jackal bites you.
* * * LOW HITPOINT WARNING * * *
As you read the scroll labelled FUEMAE IW JOY, it crumbles to dust.
It is a scroll of identify.
k - a potion of haste The jackal closely misses you.
It was a potion of cancellation.
Your magical effects are unravelling.
You feel magically purged.
You feel a little less mighty now. The jackal barely misses you.
As you read the scroll labelled DUMPAC ZUAK, it crumbles to dust.
The creatures around you are filled with an inner flame!
It was a scroll of immolation.
The jackal closely misses you.
The jackal bites you but does no damage.
You hit the jackal.
Flame seeps out of the jackal.
The jackal is severely wounded.
The jackal is engulfed in blazing flames.
The jackal explodes!
The fiery explosion engulfs you! You resist.
You die...

#...........# #..#
#........(..######'####
#...........##⌠##†.⌠##⌠ ♣
#####.......###...##.##.. ♣
#.......(...##_.#..'.'..# ♣♣#
###...........###...##⌠##.. ≈≈#
#.........#####.##⌠#######⌠
♣######.........##.....####....##
...........####§@#.....# #.#....
.########### ##○#.....####.....#
## ######h#...........#### #
#.....gg...........'...
#..................####
#.....>......#####.....
#............### #.####
####'###.......# #.#### #.#
#.......# #.....


You could see 2 gnolls and a jackal (inner flame).

Vanquished Creatures
  An iguana (D:3)
  Robin (D:2)
  A gnoll (D:3)
  An adder (D:2)
  An orc (D:3)
  8 bats
  4 endoplasms
  A giant cockroach (D:3)
  12 hobgoblins
  3 jackals (D:3)
  6 quokkas
  8 ball pythons
  4 frilled lizards
  8 goblins
  A kobold (D:3)
  4 rats
64 creatures vanquished.

Vanquished Creatures (others)
  12 plants (D:3)
12 creatures vanquished.

Grand Total: 76 creatures vanquished

Notes
Turn   | Place    | Note
-------+----------+-------------------------------------------
     0 | D:1      | rabbitsville the Hill Orc Monk began the quest for the Orb.
     0 | D:1      | Reached XP level 1. HP: 19/19 MP: 1/1
    16 | D:1      | Found a faded altar of an unknown god.
   419 | D:1      | Reached XP level 2. HP: 27/27 MP: 2/2
  1165 | D:2      | Reached XP level 3. HP: 26/34 MP: 3/3
  1708 | D:2      | Noticed Robin
  1719 | D:2      | Reached skill level 5 in Fighting
  1763 | D:4      | Noticed a scorpion
  2043 | D:2      | Killed Robin
  2044 | D:2      | Reached XP level 4. HP: 32/42 MP: 4/4
  2097 | D:2      | Reached skill level 5 in Axes
  2477 | D:3      | Noticed a black bear
  2546 | D:3      | Found a burning altar of Makhleb.
  2573 | D:3      | Found a shimmering blue altar of Sif Muna.
  3108 | D:3      | HP: 2/44 [gnoll (8)]
  3112 | D:3      | Reached XP level 5. HP: 3/50 MP: 5/5
  3117 | D:3      | Killed by an exploding jackal... ignited by their inner
                  | flame

Illustrated notes

Levels and vault maps discovered:
D:1:      saegor_arrival_simple_a, layout_loops_ring,
          shapermc_ecumenical_altar_ellora
D:2:      layout_loops_ring, minmay_fractal_squares_gapless_5, uniq_robin
D:3:      layout_basic, amethyst_overflow_temple_binary, serial_bayou_lagoon_b
D:4:      layout_cave_pods, elyvilon_altar_4, ebering_ghost_sewer_d,
          serial_rivers, chequers_serial_rivers_room_a,
          chequers_serial_rivers_micro_d, chequers_serial_rivers_micro_d,
          chequers_serial_rivers_small_b, chequers_serial_rivers_small_3,
          chequers_serial_rivers_marsh, kennysheep_generic_room_16

Skill      XL: |  1  2  3  4 |
---------------+-------------+-----
Fighting       | 4 5 |  5.9
Axes           | 5 |  5.3
Dodging        | |  2.4
Stealth        | |  1.5

Action                   |  1- 3 |  4- 6 || total
-------------------------+-------+-------++-------
Melee: Hand axe          |   133 |   116 ||   249
  Use: Potion            |       |     2 ||     2
       Scroll            |       |     2 ||     2
 Stab: Sleeping          |     6 |     3 ||     9
Armor: Robe              |    32 |    35 ||    67
Dodge: Dodged            |    89 |    59 ||   148
Block: Other             |    11 |    26 ||    37
       Reflection        |       |     1 ||     1

Table legend: (Time is in decaauts)
 A = Elapsed time spent in this place.
 B = Non-inter-level travel time spent in this place.
 C = Inter-level travel time spent in this place.
 D = Time resting spent in this place.
 E = Time spent auto-exploring this place.
 F = Levels seen in this place.
 G = Mean time per level.
                   A        B        C        D        E       F      G
               +--------+--------+--------+--------+--------+-----+--------+
         Total |   3133 |   3116 |     17 |    521 |   1668 |   4 |  783.2 |
       Dungeon |   3133 |   3116 |     17 |    521 |   1668 |   4 |  783.2 |
               +--------+--------+--------+--------+--------+-----+--------+

Top non-repeatable levels by time:
     D:2: 1076 daAuts
     D:1: 1039 daAuts
     D:3: 1016 daAuts
     D:4: 1 daAuts
